[Event "Pyramiden Cup 2015"]
[Site "?"]
[Date "2015.09.05"]
[Round "5.7"]
[White "Sailer, Wolfgang"]
[Black "Ott, Florian"]
[Result "1-0"]
[ECO "B23"]
[WhiteElo "2127"]
[BlackElo "2273"]
[PlyCount "97"]
[EventDate "2015.??.??"]
[TimeControl "6000+1275"]
[WhiteClock "0:02:51"]
[BlackClock "0:22:45"]

1. e4 c5 2. Nc3 d6 3. f4 g6 4. Nf3 Bg7 5. Bc4 Nc6 6. d3 Nf6 7. O-O O-O 8. Qe1
Nd4 9. Qh4 Nxc2 10. Rb1 e6 11. f5 Nd4 12. Bg5 h6 13. Bxh6 Nh7 14. Qxd8 Rxd8 15.
Bxg7 Nxf3+ 16. Rxf3 Kxg7 17. fxg6 fxg6 18. Rbf1 Ng5 19. Rf6 Rh8 20. g3 d5 21.
exd5 exd5 22. Nxd5 Bh3 23. Re1 Rae8 24. Rxe8 Rxe8 25. Kf2 Bg4 26. h4 Ne6 27.
Nc7 Nxc7 28. Rf7+ Kh8 29. Rxc7 Re2+ 30. Kf1 Rxb2 31. Rxc5 a6 32. a4 Kg7 33. Rg5
Be2+ 34. Ke1 Kf6 35. a5 Bf3 36. d4 Be4 37. Re5 Bc6 38. g4 Bf3 39. g5+ Kg7 40.
Re7+ Kh8 41. Re8+ Kg7 42. Re7+ Kh8 43. d5 Rb4 44. Rc7 Ra4 45. Kf2 Bg4 46. Ke3
Rxa5 47. Rxb7 Ra4 48. Bb3 Ra3 49. Kf4 1-0

[Event "Pyramiden Cup 2015"]
[Site "?"]
[Date "2015.09.05"]
[Round "5.8"]
[White "Fischer, Johannes"]
[Black "Eiber, Manfred"]
[Result "1-0"]
[ECO "A00"]
[WhiteElo "2269"]
[BlackElo "2154"]
[PlyCount "114"]
[EventDate "2015.??.??"]
[TimeControl "6000+970"]
[WhiteClock "0:05:52"]

1. g3 d5 2. Bg2 c6 3. Nf3 Nf6 4. O-O Bf5 5. d3 e6 6. Nbd2 Bc5 7. Qe1 Nbd7 8. e4
Bg4 9. Nb3 Bb6 10. a4 Bxf3 11. Bxf3 h5 12. exd5 cxd5 13. c4 dxc4 14. dxc4 Ng4
15. Bf4 Bc7 16. Qd2 Nde5 17. Qxd8+ Bxd8 18. Be2 Nc6 19. h3 Nge5 20. Rad1 g5 21.
Be3 g4 22. h4 Bf6 23. Nc5 Be7 24. Ne4 Rd8 25. c5 O-O 26. Nd6 Bxd6 27. cxd6 Rd7
28. Rd2 f6 29. Kg2 Rfd8 30. Rfd1 Nf7 31. Bc5 Kg7 32. Bb5 a6 33. Bc4 Re8 34. b4
Nfe5 35. Be2 Rc8 36. f3 gxf3+ 37. Bxf3 Nxf3 38. Kxf3 Ne5+ 39. Kg2 a5 40. Rd4
axb4 41. Bxb4 Rc2+ 42. R1d2 Rxd2+ 43. Rxd2 Kf7 44. Bc3 Ng4 45. Kf3 e5 46. Ba5
Nh6 47. Bc7 Nf5 48. Rb2 Ke6 49. Rxb7 Nxd6 50. Ra7 Nf5 51. a5 Nd4+ 52. Kf2 Nb5
53. Ra6+ Kf5 54. Bb8 Rd2+ 55. Ke3 Ra2 56. Ra7 Nd4 57. Ra6 Nb5 {Ke4+} 1-0

[Event "Pyramiden Cup 2015"]
[Site "?"]
[Date "2015.09.05"]
[Round "5.9"]
[White "Miller, Eduard"]
[Black "Redzepovic, Irfan"]
[Result "1-0"]
[ECO "D37"]
[WhiteElo "2245"]
[BlackElo "2139"]
[PlyCount "107"]
[EventDate "2015.??.??"]
[TimeControl "6000+1485"]
[WhiteClock "0:01:48"]
[BlackClock "0:04:58"]

1. d4 d5 2. c4 e6 3. Nc3 Nf6 4. Nf3 Be7 5. Bg5 h6 6. Bf4 O-O 7. e3 c5 8. dxc5
Bxc5 9. cxd5 exd5 10. Be5 Be6 11. Bd4 Be7 12. h3 Nc6 13. Bd3 a6 14. Rc1 Rc8 15.
O-O Na5 16. Bb1 Nc4 17. Qd3 Re8 18. Bxf6 Bxf6 19. Qh7+ Kf8 20. Nd4 Bxd4 21.
exd4 Qf6 22. Rfe1 Red8 23. b3 Nb6 24. Nxd5 Rxd5 25. Rxc8+ Nxc8 26. Qh8+ Ke7 27.
Qxc8 b5 28. Qb7+ Kf8 29. Qa8+ Rd8 30. Qxa6 Qg5 31. Qa3+ Kg8 32. Qc5 Qd2 33. Kf1
b4 34. Bc2 Bd5 35. Qe7 Rf8 36. Qe2 Qxd4 37. Rd1 Qc5 38. Qd3 g6 39. Rd2 Bb7 40.
Qd4 Qa5 41. Kg1 Re8 42. Qf4 Qb5 43. Bd3 Qc6 44. f3 Re1+ 45. Kh2 Qb6 46. Bc4
Qg1+ 47. Kg3 Re7 48. Bxf7+ Kg7 49. Bc4 Kh7 50. Qb8 Qe1+ 51. Kh2 h5 52. Qg8+ Kh6
53. Qh8+ Kg5 54. f4+ 1-0

[Event "Pyramiden Cup 2015"]
[Site "?"]
[Date "2015.09.06"]
[Round "6.1"]
[White "Kunin, Vitaly"]
[Black "Fedorovsky, Michael"]
[Result "1/2-1/2"]
[ECO "D85"]
[WhiteElo "2563"]
[BlackElo "2451"]
[PlyCount "111"]
[EventDate "2015.??.??"]
[TimeControl "6000+950"]
[WhiteClock "0:04:52"]
[BlackClock "0:01:09"]

1. d4 Nf6 2. c4 g6 3. Nc3 d5 4. cxd5 Nxd5 5. e4 Nxc3 6. bxc3 Bg7 7. Bb5+ c6 8.
Ba4 O-O 9. Ne2 b5 10. Bb3 Bb7 11. O-O c5 12. d5 Nd7 13. Rb1 a6 14. Be3 Rc8 15.
Qd2 c4 16. Bc2 e6 17. dxe6 fxe6 18. Qd6 Re8 19. Rfd1 Ne5 20. Qxd8 Rcxd8 21.
Rxd8 Rxd8 22. a4 Ng4 23. Bg5 Bf6 24. Bxf6 Nxf6 25. e5 Rd2 26. Bd1 Ng4 27. axb5
axb5 28. Nd4 Be4 29. Ra1 Nxf2 30. Be2 Nd3 31. Bf3 Bxf3 32. Nxf3 Rc2 33. Ra8+
Kg7 34. Ra7+ Kf8 35. h4 Nf4 36. Ng5 h6 37. Ne4 Rxg2+ 38. Kh1 Rc2 39. Nd6 g5 40.
hxg5 hxg5 41. Nxb5 g4 42. Nd6 Kg8 43. Ne4 Nd5 44. Ra4 g3 45. Nxg3 Rxc3 46. Ne4
Rc2 47. Kg1 c3 48. Rc4 Kg7 49. Ng5 Kg6 50. Nxe6 Rc1+ 51. Kf2 Kf5 52. Nd4+ Kxe5
53. Ne2 Rc2 54. Kf3 Kd6 55. Rc8 Kd7 56. Ke4 1/2-1/2

[Event "Pyramiden Cup 2015"]
[Site "?"]
[Date "2015.09.06"]
[Round "6.3"]
[White "Mons, Leon"]
[Black "Ikonnikov, Vyacheslav"]
[Result "1/2-1/2"]
[ECO "C05"]
[WhiteElo "2464"]
[BlackElo "2518"]
[PlyCount "114"]
[EventDate "2015.??.??"]
[TimeControl "6000+1930"]
[WhiteClock "0:11:25"]
[BlackClock "0:06:10"]

1. e4 e6 2. d4 d5 3. Nd2 Nf6 4. e5 Nfd7 5. Bd3 c5 6. c3 b6 7. Ne2 Ba6 8. Bxa6
Nxa6 9. O-O Be7 10. Nf4 cxd4 11. cxd4 Nb4 12. a3 Nc6 13. Qg4 g6 14. Nf3 h5 15.
Qh3 Na5 16. Rb1 Rc8 17. Bd2 Nc4 18. Bb4 Bxb4 19. axb4 Qe7 20. Ra1 Nxb2 21. Rxa7
Rd8 22. Qg3 Kf8 23. Ng5 Rh6 24. Ngxe6+ fxe6 25. Nxg6+ Rxg6 26. Qxg6 Qf7 27. Qg5
Ke8 28. Rb1 Nd3 29. Qd2 Nf4 30. g3 Nh3+ 31. Kg2 Qf5 32. Rb3 Ng5 33. h4 Nf7 34.
Qe2 Nh6 35. Rf3 Qg4 36. Qd3 Nf5 37. Rf4 Nxh4+ 38. Kh2 Qg6 39. Qb5 Nf5 40. Qc6
Ne7 41. Qc7 Nf5 42. Qc6 Ne7 43. Qb5 Nf5 44. Rb7 h4 45. g4 Qg5 46. Rxf5 exf5 47.
Qxd5 Qf4+ 48. Kh1 fxg4 49. Qe6+ Kf8 50. Rxd7 Rxd7 51. Qxd7 Qf3+ 52. Kg1 g3 53.
Qd8+ Kf7 54. e6+ Kxe6 55. Qe8+ Kd6 56. Qd8+ Ke6 57. Qe8+ Kd6 1/2-1/2

[Event "Pyramiden Cup 2015"]
[Site "?"]
[Date "2015.09.06"]
[Round "6.4"]
[White "Milov, Leonid"]
[Black "Miller, Eduard"]
[Result "1/2-1/2"]
[ECO "B39"]
[WhiteElo "2471"]
[BlackElo "2245"]
[PlyCount "110"]
[EventDate "2015.??.??"]
[TimeControl "6000+990"]
[WhiteClock "0:04:36"]
[BlackClock "0:07:26"]

1. e4 c5 2. Nf3 Nc6 3. d4 cxd4 4. Nxd4 g6 5. c4 Bg7 6. Be3 Nf6 7. Nc3 Ng4 8.
Qxg4 Nxd4 9. Qd1 Ne6 10. Qd2 Qa5 11. Rc1 b6 12. Qd5 Rb8 13. Qxa5 bxa5 14. b3
Bd4 15. Bd2 f6 16. Nd5 Bb6 17. Nxb6 axb6 18. f3 Bb7 19. Be3 Bc6 20. Be2 d6 21.
a3 Kd7 22. O-O Kc7 23. Rfd1 g5 24. Bf1 h5 25. b4 axb4 26. axb4 Ra8 27. Ra1 h4
28. Kf2 Kb7 29. Bd3 Nf4 30. Bf1 Kc7 31. Bd4 Ng6 32. Rxa8 Rxa8 33. Ra1 Rxa1 34.
Bxa1 Nf4 35. Bd4 Ba4 36. Ke1 Kc6 37. b5+ Kc7 38. Kd2 Ng6 39. Be3 Bb3 40. Kc3
Bd1 41. Kd2 Bb3 42. Bf2 Nf4 43. g3 hxg3 44. hxg3 Ng6 45. Be2 Ne5 46. Kc3 Ba4
47. f4 gxf4 48. gxf4 Nd7 49. Bf3 Nc5 50. Bg3 Bd1 51. Bg2 Be2 52. e5 f5 53. Bh4
dxe5 54. fxe5 e6 55. Bg5 Nb7 1/2-1/2

[Event "Pyramiden Cup 2015"]
[Site "?"]
[Date "2015.09.06"]
[Round "6.5"]
[White "Niedermeier, Thomas"]
[Black "Colpe, Malte"]
[Result "0-1"]
[ECO "C15"]
[WhiteElo "2226"]
[BlackElo "2367"]
[PlyCount "58"]
[EventDate "2015.??.??"]
[TimeControl "6000+930"]
[WhiteClock "0:11:32"]
[BlackClock "0:37:38"]

1. e4 e6 2. d4 d5 3. Nc3 Bb4 4. exd5 exd5 5. Bd3 Nc6 6. a3 Bxc3+ 7. bxc3 Nge7
8. Qf3 Be6 9. Nh3 Qd7 10. Ng5 O-O-O 11. O-O Bg4 12. Qg3 Rdf8 13. Re1 f6 14. Nf3
h5 15. h3 Nf5 16. Qh2 Bxf3 17. gxf3 g5 18. Kh1 Nh4 19. Qg3 Ne7 20. f4 Nef5 21.
Bxf5 Nxf5 22. Qg2 g4 23. Rb1 Rfg8 24. c4 gxh3 25. Qxd5 Qxd5+ 26. cxd5 Rg2 27.
Rb3 Rxf2 28. Rxh3 Rxc2 29. a4 Rg8 0-1

[Event "Pyramiden Cup 2015"]
[Site "?"]
[Date "2015.09.06"]
[Round "6.6"]
[White "Dorst, Johannes"]
[Black "Wenninger, Philipp"]
[Result "0-1"]
[ECO "B19"]
[WhiteElo "2223"]
[BlackElo "2249"]
[PlyCount "92"]
[EventDate "2015.??.??"]
[TimeControl "6000+1430"]
[WhiteClock "0:38:35"]
[BlackClock "0:08:04"]

1. e4 c6 2. d4 d5 3. Nc3 dxe4 4. Nxe4 Bf5 5. Ng3 Bg6 6. h4 h6 7. Nf3 Nd7 8. h5
Bh7 9. Bd3 Bxd3 10. Qxd3 e6 11. Bd2 Ngf6 12. O-O-O Be7 13. Kb1 O-O 14. Ne4 Nxe4
15. Qxe4 Nf6 16. Qe2 Qd5 17. Be3 Bd6 18. Nd2 Nh7 19. g4 b5 20. Rhg1 Kh8 21. f4
f5 22. Nf3 fxg4 23. Ne5 Nf6 24. Ng6+ Kg8 25. Nxf8 Rxf8 26. Qg2 Qxg2 27. Rxg2 g6
28. hxg6 Kg7 29. c4 bxc4 30. Rc1 h5 31. Rxc4 Nd5 32. Bc1 Nxf4 33. Bxf4 Bxf4 34.
Rxc6 g3 35. Rxe6 h4 36. Re1 Rc8 37. Rh1 Kxg6 38. b4 Kg5 39. Re2 Kg4 40. Re7 g2
41. Rg7+ Bg5 42. Re1 h3 43. Kb2 Rf8 44. Ree7 Rf5 45. Re4+ Kf3 46. Re1 h2 0-1

[Event "Pyramiden Cup 2015"]
[Site "?"]
[Date "2015.09.06"]
[Round "6.7"]
[White "Sailer, Wolfgang"]
[Black "Fischer, Johannes"]
[Result "0-1"]
[ECO "A41"]
[WhiteElo "2127"]
[BlackElo "2269"]
[PlyCount "80"]
[EventDate "2015.??.??"]
[TimeControl "6000+980"]
[WhiteClock "0:00:36"]
[BlackClock "0:18:53"]

1. d4 d6 2. c4 e5 3. Nf3 Nd7 4. Nc3 g6 5. e4 Bg7 6. Be2 Nh6 7. O-O O-O 8. h3 f6
9. Be3 Nf7 10. Qd2 c6 11. Rad1 Qe7 12. Rfe1 f5 13. exf5 gxf5 14. Bf1 Qf6 15.
dxe5 dxe5 16. Qc1 Qg6 17. Kh1 Qh5 18. Nh2 f4 19. Bd2 Nf6 20. f3 Bf5 21. Ne4 Qg6
22. Bb4 Bxe4 23. Bxf8 Bxf8 24. fxe4 Nxe4 25. Rxe4 Qxe4 26. Ng4 Qf5 27. Bd3 Qg5
28. Be4 Rd8 29. Rxd8 Qxd8 30. Qc2 Qh4 31. Bxh7+ Kh8 32. Bg6 Qe1+ 33. Kh2 Bc5
34. Qb1 Qg3+ 35. Kh1 Ng5 36. Qd1 Bd4 37. Nh2 f3 38. gxf3 Nxh3 39. Ng4 Nf4 40.
Qf1 Nxg6 0-1

[Event "Pyramiden Cup 2015"]
[Site "?"]
[Date "2015.09.06"]
[Round "6.8"]
[White "Kroneder, Christian"]
[Black "Troyke, Christian"]
[Result "1/2-1/2"]
[ECO "B38"]
[WhiteElo "2045"]
[BlackElo "2344"]
[PlyCount "109"]
[EventDate "2015.??.??"]
[TimeControl "6000+600"]
[WhiteClock "0:08:16"]
[BlackClock "0:22:42"]

1. e4 c5 2. Nf3 g6 3. d4 cxd4 4. Nxd4 Bg7 5. c4 Nc6 6. Be3 Nf6 7. Nc3 O-O 8.
Be2 b6 9. O-O Bb7 10. f3 Qb8 11. Qd2 Rd8 12. Rab1 d6 13. Rfc1 Rd7 14. Nd5 Qf8
15. b4 Rad8 16. Bf1 Ne8 17. Nxc6 Bxc6 18. Qf2 e6 19. Nf4 Nc7 20. Ne2 f5 21.
exf5 gxf5 22. Nd4 Ba8 23. Bg5 Bf6 24. Bxf6 Qxf6 25. f4 Be4 26. Rb3 e5 27. Ne2
Ba8 28. Rg3+ Kh8 29. Rcc3 Ne6 30. Rcd3 Rc7 31. fxe5 dxe5 32. Rxd8+ Nxd8 33. Nc3
Ne6 34. Nb5 Rd7 35. c5 bxc5 36. bxc5 f4 37. Ra3 e4 38. Nxa7 e3 39. Qe2 Rd2 40.
Qh5 Ng7 41. Qg4 h5 42. Qc8+ Rd8 43. Ra6 Rxc8 44. Rxf6 Rxc5 45. Rf8+ Kh7 46.
Bd3+ Nf5 47. Bxf5+ Kg7 48. Rc8 Rxf5 49. Rxa8 Rd5 50. Kf1 Rd1+ 51. Ke2 Rd2+ 52.
Kf1 Rf2+ 53. Kg1 Rxa2 54. Kf1 Kh7 55. Rf8 1/2-1/2

[Event "Pyramiden Cup 2015"]
[Site "?"]
[Date "2015.09.06"]
[Round "6.9"]
[White "Schunk, Eduard"]
[Black "Knoblauch, Leonhard"]
[Result "1-0"]
[ECO "B10"]
[WhiteElo "2319"]
[BlackElo "2177"]
[PlyCount "83"]
[EventDate "2015.??.??"]
[TimeControl "6000+1160"]
[WhiteClock "0:02:30"]
[BlackClock "0:03:49"]

1. e4 c6 2. d3 d5 3. Nd2 e5 4. Ngf3 Bd6 5. g3 Nf6 6. Bg2 O-O 7. O-O Qc7 8. h3
dxe4 9. dxe4 Rd8 10. Nh4 b6 11. Qf3 Nbd7 12. Nf5 Bf8 13. Nb3 a5 14. a4 Re8 15.
Bg5 Re6 16. Rfd1 h6 17. Be3 Kh7 18. g4 g6 19. Ng3 Ba6 20. h4 Nc5 21. Nxc5 Bxc5
22. Bxc5 bxc5 23. g5 hxg5 24. hxg5 Ne8 25. Bh3 Rd6 26. Rxd6 Nxd6 27. Kg2 Qe7
28. Qg4 Kg7 29. Qd7 Qxd7 30. Bxd7 Bb7 31. Rd1 Nc4 32. b3 Nb6 33. Bg4 Kf8 34.
Ne2 Ke7 35. Nc1 Bc8 36. Bxc8 Rxc8 37. Kf3 Rh8 38. Nd3 Nd7 39. Nb2 Rh4 40. Nc4
Rf4+ 41. Ke3 Rg4 42. Rxd7+ 1-0